Map: World of Sleepers LE

Players

pHARM - Winner!

  • Race: Zerg Zerg
  • League: Platinum
  • Spawn Location: 7:00

CodeByMe

  • Race: Zerg Zerg
  • League: Platinum
  • Spawn Location: 1:00

VOD

Have the link to the VOD?

Description

Time

  • Played on: Sept. 1, 2019, 5:12 p.m.
  • Length: 13:07
Show
View Real Time Build Order
Export as new Build Order

pHARM Zerg - Winner!

Build Orders: Hatch First 

Get SALT Encoding   

  12  0:02  Drone  
  13  0:15  Overlord  
  13  0:25  Drone  
  14  0:34  Drone  
  14  0:35  Drone  
  16  0:53  Hatchery  
  15  0:58  Drone x2  
  17  1:05  Drone  
  18  1:20  Spawning Pool  
  18  1:21  Drone  
  18  1:27  Drone  
  19  1:37  Drone  
  20  1:43  Extractor  
  20  1:46  Overlord  
  19  2:02  Drone  
  19  2:07  Queen x2  
  24  2:09  Drone  
  24  2:10  Drone  
  24  2:15  Drone  
  27  2:17  Drone  
  28  2:32  Drone x2  
  28  2:36  Drone  
  31  2:39  Drone  
  32  2:48  Queen  
  32  2:50  Lair  
  34  3:03  Evolution Chamber  
  33  3:07  Overlord x2  
  33  3:09  Baneling Nest  
  32  3:16  Roach Warren  
  31  3:23  Overlord x3  
  31  3:24  Overlord  
  31  3:34  Zergling x10  
  36  3:44  Drone  
  36  3:45  Drone x2  
  39  3:56  Baneling x3  
  39  3:57  Baneling  
  39  3:59  Drone  
  39  4:00  Drone x5  
  45  4:13  Drone x4  
  49  4:17  Extractor  
  49  4:18  Extractor, Zerg Missile Weapons Level 1  
  47  4:31  Drone  
  47  4:32  Drone  
  47  4:33  Drone  
  47  4:35  Drone  
  51  4:45  Hatchery  
  50  4:48  Glial Reconstitution  
  48  5:15  Drone x2  
  48  5:16  Roach x6  
  62  5:26  Evolution Chamber  
  61  5:33  Roach  
  61  5:34  Roach x2  
  67  5:36  Overlord  
  67  5:52  Zerg Ground Armor Level 1  
  67  5:55  Roach x4  
  67  5:57  Overlord x2  
  75  5:58  Roach x3  
  81  6:21  Drone  
  82  6:37  Infestation Pit  
  82  6:38  Extractor  
  80  6:43  Hydralisk Den  
  73  6:56  Drone x11  
  84  7:06  Zerg Missile Weapons Level 2  
  84  7:25  Overlord x3  
  84  7:26  Roach x2  
  84  7:27  Roach x4  
  96  7:35  Drone  
  97  7:41  Grooved Spines  
  97  7:53  Zerg Ground Armor Level 2  
  97  8:18  Roach x8  
  97  8:19  Overlord x10  
  113  8:46  Overseer x3  
  113  8:50  Roach  
  113  8:51  Roach x10  
  113  8:53  Muscular Augments  
  135  8:59  Hive  
  135  9:14  Hatchery  
  134  9:21  Extractor  
  134  9:22  Overlord, Extractor  
  134  9:23  Overlord x2  
  132  9:27  Drone x4  
  132  9:28  Drone x2  
  132  9:29  Drone x5  
  143  9:42  Roach x7  
  157  9:51  Hydralisk x2  
  157  9:52  Hydralisk x3  
  167  10:14  Hatchery  
  167  10:18  Zerg Ground Armor Level 3, Zerg Missile Weapons Level 3  
  166  10:21  Hydralisk  
  166  10:22  Hydralisk x2  
  166  10:24  Hydralisk  
  174  10:58  Hydralisk  
  174  10:59  Hydralisk x10  
  196  11:09  Hydralisk  
  198  11:39  Overlord  
  198  11:40  Overlord x3  
  195  11:59  Drone  
  195  12:00  Drone x3  
  173  12:15  Roach  
  173  12:16  Roach x18  
  173  12:18  Overlord x5  
  159  12:41  Roach x10  
Show
View Real Time Build Order
Export as new Build Order

CodeByMe Zerg 

Build Orders: Hatch First 

Get SALT Encoding   

  12  0:02  Drone  
  13  0:08  Drone  
  14  0:16  Overlord  
  14  0:35  Drone x3  
  17  0:55  Extractor  
  17  0:57  Hatchery  
  15  1:09  Spawning Pool  
  14  1:11  Drone  
  14  1:14  Drone  
  16  1:18  Drone  
  16  1:22  Drone  
  18  1:36  Drone  
  19  1:51  Overlord  
  19  1:57  Queen  
  19  1:59  Drone  
  22  2:07  Metabolic Boost  
  22  2:09  Queen  
  22  2:11  Zergling x2  
  22  2:12  Drone  
  26  2:26  Drone x2  
  28  2:38  Drone x3  
  31  2:50  Zergling x4  
  33  2:59  Overlord, Drone  
  34  3:06  Hatchery  
  33  3:23  Drone x6  
  33  3:24  Drone x2  
  41  3:27  Baneling Nest  
  41  3:33  Evolution Chamber  
  39  3:35  Evolution Chamber  
  38  3:44  Roach Warren  
  38  3:48  Lair, Extractor  
  36  3:49  Drone  
  36  3:50  Zergling x2  
  38  4:04  Zerg Missile Weapons Level 1  
  38  4:07  Drone  
  38  4:08  Drone, Extractor  
  38  4:09  Zergling x6, Extractor  
  41  4:16  Baneling x3  
  41  4:18  Drone x4  
  45  4:27  Drone x2  
  47  4:44  Drone x3  
  50  4:50  Overlord  
  50  4:51  Overlord  
  44  5:07  Roach x2  
  44  5:08  Overlord x2  
  48  5:16  Hydralisk Den  
  48  5:18  Overlord x2  
  48  5:20  Zerg Ground Armor Level 1  
  48  5:21  Roach x3  
  53  5:22  Overlord  
  53  5:32  Spine Crawler  
  52  5:36  Drone x3  
  55  5:44  Roach x5  
  55  5:49  Queen  
  67  6:10  Roach x7  
  81  6:12  Overseer  
  81  6:15  Grooved Spines  
  81  6:20  Zerg Missile Weapons Level 2  
  81  6:32  Zergling x12  
  87  6:45  Zergling x6  
  87  6:46  Zergling x6  
  92  6:52  Glial Reconstitution  
  92  6:55  Drone x3  
  95  7:11  Drone  
  95  7:12  Drone x6  
  102  7:20  Centrifical Hooks  
  102  7:24  Drone x3  
  102  7:25  Overlord  
  105  7:42  Overlord x3  
  105  7:43  Queen  
  106  7:52  Ravager x3  
  106  7:53  Ravager  
  110  8:00  Hydralisk x8  
  125  8:47  Drone  
  125  8:48  Drone x8, Extractor  
  133  8:49  Spore Crawler, Extractor  
  133  8:52  Spine Crawler  
  133  8:53  Zerg Ground Armor Level 2, Spine Crawler  
  129  8:58  Spore Crawler  
  129  8:59  Spine Crawler  
  129  9:02  Spine Crawler  
  126  9:03  Infestation Pit  
  125  9:12  Drone x3  
  125  9:13  Drone x3  
  131  9:26  Lurker Den  
  130  9:34  Baneling  
  130  9:35  Baneling x20  
  130  9:56  Pneumatized Carapace  
  130  10:11  Roach  
  130  10:12  Roach x2  
  130  10:13  Overlord x6  
  130  10:14  Overlord x6  
  136  10:19  Hive  
  136  10:23  Spire  
  135  10:40  Hydralisk x3, Roach x3  
  135  10:41  Hydralisk x8, Roach x2  
  167  10:50  Hatchery  
  166  11:08  Hatchery  
  165  11:12  Hydralisk x3  
  165  11:13  Hydralisk x2  
  165  11:14  Roach x2  
  178  11:51  Greater Spire  
  178  11:53  Muscular Augments, Adaptive Talons  
  152  12:16  Zergling x8  
  152  12:17  Zergling x30  
  125  12:25  Roach x2  
  125  12:26  Roach x3  
  119  12:31  Hydralisk  
  119  12:41  Zergling x6  
  119  12:42  Zergling x2  
Tags
 
Add a new tag
Caveats
  • Supply blocks, unpowered buildings, or Contaminate may cause inaccurate times.
  • Supply counts are checked every 10 seconds.